 Dungeon Crawl Stone Soup version 0.30-a0-799-g109b55a442 (webtiles) character file.

Game seed: 9344768067276870255

17 barkas the Cudgeller (level 2, -1/28 HPs)
             Began as a Naga Chaos Knight on Feb 20, 2023.
             Was a Plaything of Xom.
             Slain by a goblin
             ... wielding a +0 dagger
             ... led by Robin
              (4 damage)
             ... on level 2 of the Dungeon.
             The game lasted 00:01:57 (940 turns).

barkas the Cudgeller (Naga Chaos Knight)             Turns: 940, Time: 00:01:58

Health: -1/28      AC:  4    Str: 14    XL:     2   Next: 62%
Magic:  2/2        EV:  9    Int: 12    God:    Xom [.....*]
Gold:   80         SH:  0    Dex: 10    Spells: 1/1 levels left

rFire   . . .      SeeInvis +    a - +0 mace (chaos)
rCold   . . .      Faith    .    (no shield)
rNeg    . . .      Spirit   .    b - +2 leather armour
rPois   +          Reflect  .    (no helmet)
rElec   .          Harm     .    (no cloak)
rCorr   .          Rampage  .    (no gloves)
Will    .....                    (no barding)
Stlth   +                        (no amulet)
HPRegen 0.24/turn                (no ring)
MPRegen 0.08/turn                (no ring)

@: attractive, very slow
A: AC +0, large, see invisible, deformed body, poison resistance, slowness 2,
spit poison 1, naga tail 1
a: Spit Poison, Renounce Religion


You were on level 2 of the Dungeon.
You worshipped Xom.
You were Xom's teddy bear.
You visited 1 branch of the dungeon, and saw 2 of its levels.

You collected 80 gold pieces.

Inventory:

Hand Weapons
 a - a +0 mace of chaos (weapon)
Armour
 b - a +2 leather armour (worn)
Scrolls
 f - a scroll of immolation
 g - a scroll of identify
Miscellaneous
 c - a piece from Xom's chessboard (12/15) (quivered)


   Skills:
 + Level 3.2 Fighting
 * Level 3.6 Maces & Flails
 - Level 1.5 Armour
 - Level 0.7 Dodging


You had one spell level left.
You didn't know any spells.
Your spell library contained the following spells:

 Spells                   Type           Power      Damage    Failure   Level
 Slow                     Hex            0%         N/A       38%         1
 Confusing Touch          Hex            0%         N/A       77%         3
 Vampiric Draining        Necr           0%         2d6       77%         3


Dungeon Overview and Level Annotations

Branches:
Dungeon (2/15)

Altars:

Annotations:
D:2 Robin


Innate Abilities, Weirdness & Mutations

Your serpentine skin is tough. (AC +0)
You have supernaturally acute eyesight. (SInv)
Armour fits poorly on your strangely shaped body.
Your system is resistant to poisons. (rPois)
You cover ground very slowly.
You can spit poison.
You have a snake-like lower body.


Message History

You feel attractive to monsters. The goblin hits you but does no damage.
As you read the scroll labelled MUL LIESMEB, it crumbles to dust.
It is a scroll of amnesia.
You feel forgetful for a moment. The goblin hits you but does no damage.
As you read the scroll labelled YHUASI WUOV, it crumbles to dust.
It is a scroll of identify.
f - a scroll of immolation Xom almost notices you.
Your scroll of immolation briefly vibrates.
You are now Xom's teddy bear.
The goblin hits you with a +0 dagger.
As you read the scroll labelled XOBBUE WOID, it crumbles to dust.
Your body is wracked with pain!
* * * LOW HITPOINT WARNING * * *
The goblin convulses! x3; It was a scroll of torment.
The goblin hits you with a +0 dagger.
* * * LOW HITPOINT WARNING * * *
You aren't carrying any potions.
Unknown command.
Okay, then.
Unknown command.
You miss the goblin.
The goblin is moderately wounded.
The goblin completely misses you.
You barely miss the goblin.
The goblin is moderately wounded.
The goblin hits you but does no damage.
You barely miss the goblin.
The goblin is moderately wounded.
The goblin hits you with a +0 dagger.
* * * LOW HITPOINT WARNING * * *
You hit the goblin.
You kill the goblin!
The goblin closely misses you.
You miss the goblin.
The goblin is moderately wounded.
The goblin hits you with a +0 dagger.
You die... "What!?
That's it?"

####################
......gg@..........#
##.###g#######.#####
#. #.# .g #.# .#g
#.# ..g. #.# .. ..
#.# ... #. #.# #.#


You could see a hobgoblin (strong) and 2 goblins.

Vanquished Creatures
  A bat (D:1)
  An endoplasm (D:1)
  4 goblins
  3 hobgoblins
  A quokka (D:1)
  3 ball pythons (D:1)
  A kobold (D:1)
  A rat (D:1)
15 creatures vanquished.

Notes
Turn   | Place    | Note
-------+----------+-------------------------------------------
     0 | D:1      | barkas the Naga Chaos Knight began the quest for the Orb.
     0 | D:1      | Reached XP level 1. HP: 21/21 MP: 1/1
   115 | D:1      | Reached XP level 2. HP: 28/28 MP: 2/2
   423 | D:1      | XOM: silly message
   711 | D:1      | XOM: god gift: battleaxe {god gift}
   927 | D:2      | Noticed Robin
   934 | D:2      | XOM: silly message
   940 | D:2      | Slain by a goblin

Illustrated notes

Levels and vault maps discovered:
D:1:      ncdulo_smallfort, layout_loops_corners, supply_closet_lemuel,
          kennysheep_crisscross, minmay_close_crescents
D:2:      layout_basic, st_stairs_1, uniq_natasha, uniq_robin

Action                     || total
---------------------------++-------
  Melee: Mace              ||    19
Ability: Spit Poison       ||     9
  Evoke: Piece from Xom's  ||     3
    Use: Scroll            ||     3
         Potion            ||     1
   Stab: Petrifying        ||     1
 Armour: Leather armour    ||    11
  Dodge: Dodged            ||     8

Table legend: (Time is in decaauts)
 A = Elapsed time spent in this place.
 B = Non-inter-level travel time spent in this place.
 C = Inter-level travel time spent in this place.
 D = Time resting spent in this place.
 E = Time spent auto-exploring this place.
 F = Levels seen in this place.
 G = Mean time per level.
                   A        B        C        D        E       F      G
               +--------+--------+--------+--------+--------+-----+--------+
         Total |   1288 |   1235 |     53 |      0 |    934 |   2 |  644.0 |
       Dungeon |   1288 |   1235 |     53 |      0 |    934 |   2 |  644.0 |
               +--------+--------+--------+--------+--------+-----+--------+

Top non-repeatable levels by time:
     D:1: 1190 daAuts
     D:2: 97 daAuts
